 Dungeon Crawl Stone Soup version 0.30-a0-358-g0d69a1922f (webtiles) character file.

Game seed: 15873659166273743646

1216 bladeefan the Trooper (level 8, -1/84 HPs)
             Began as a Troll Monk on Oct 11, 2022.
             Slain by a phantom (7 damage)
             ... on level 5 of the Dungeon on Jan 3, 2023.
             The game lasted 00:08:45 (3765 turns).

bladeefan the Trooper (Troll Monk)                  Turns: 3765, Time: 00:08:45

Health: -1/84      AC:  4    Str: 22    XL:     8   Next: 22%
Magic:  7/7        EV: 11    Int:  6    God:
Gold:   249        SH:  0    Dex: 12    Spells: 7/7 levels left

rFire   . . .      SeeInvis .      - Unarmed
rCold   . . .      Faith    .    (no shield)
rNeg    . . .      Spirit   .    a - +0 robe
rPois   .          Reflect  .    (helmet restricted)
rElec   .          Harm     .    (no cloak)
rCorr   .          Rampage  .    (gloves unavailable)
Will    .....                    (boots unavailable)
Stlth   ++........               (no amulet)
HPRegen 1.14/turn                (no ring)
MPRegen 0.10/turn                (no ring)

@: no status effects
A: large, unfitting armour, claws 3, regeneration 1, shaggy fur 1, tough skin 1
a: no special abilities


You were on level 5 of the Dungeon.
You visited 1 branch of the dungeon, and saw 5 of its levels.

You collected 249 gold pieces.

Inventory:

Armour
 a - a +0 robe (worn)
Wands
 p - a wand of charming (10)
   (You found it on level 4 of the Dungeon)
 x - a wand of acid (8)
   (You found it on level 2 of the Dungeon)
Scrolls
 d - 3 scrolls of identify {unknown}
 e - 2 scrolls of enchant armour {unknown}
 f - a scroll of noise {unknown}
 g - 2 scrolls of amnesia {unknown}
 h - 3 scrolls of enchant weapon {unknown}
 j - a scroll of magic mapping {unknown}
 n - a scroll of immolation {unknown}
 o - a scroll of poison {unknown}
 q - a scroll of silence {unknown}
Potions
 b - a potion of ambrosia
 c - 5 potions of curing {unknown}
 i - a potion of degeneration {unknown}
 k - a potion of heal wounds {unknown}
 l - a potion of invisibility {unknown}
 m - a potion of haste {unknown}


   Skills:
 * Level 6.3 Fighting
 + Level 4.7 Dodging
 - Level 1.0 Stealth
 + Level 5.7 Unarmed Combat


You had 7 spell levels left.
You didn't know any spells.
Your spell library was empty.

Dungeon Overview and Level Annotations

Branches:
Dungeon (5/15)
 Temple: D:4-7

Altars:

Shops:
D:4 [


Innate Abilities, Weirdness & Mutations

You are too large for most types of armour.
You have claws for hands.
Your natural rate of healing is unusually fast.
You are covered in fur. (AC +1)
You have tough skin. (AC +1)


Message History

The phantom attacks as you move away! The phantom hits you.
* * * LOW HITPOINT WARNING * * *
The phantom attacks as you move away! The phantom barely misses you.
The phantom attacks as you move away!
The phantom hits you but does no damage.
The phantom attacks as you move away!
The phantom hits you but does no damage.
The phantom attacks as you move away!
The phantom hits you but does no damage.
The phantom attacks as you move away! The phantom hits you.
* * * LOW HITPOINT WARNING * * *
You claw the phantom! The phantom hits you.
* * * LOW HITPOINT WARNING * * *
The phantom blinks!
You blink.
Unknown command.
Unknown command.
Unknown command.
You barely miss the phantom. The phantom misses you.
You scratch the phantom.
The phantom hits you but does no damage.
You scratch the phantom. The scorpion stings you.
* * * LOW HITPOINT WARNING * * *
The phantom hits you but does no damage.
The phantom attacks as you move away! The phantom barely misses you.
You scratch the scorpion. The scorpion closely misses you.
You barely miss the scorpion. The scorpion stings you.
* * * LOW HITPOINT WARNING * * *
You are poisoned.
The scorpion poisons you!
You scratch the scorpion.
You feel sick. The scorpion misses you.
You scratch the scorpion but do no damage.
You feel sick. The scorpion stings you.
* * * LOW HITPOINT WARNING * * *
You scratch the scorpion but do no damage.
You feel sick. The scorpion barely misses you.
You scratch the scorpion but do no damage.
You feel sick. The scorpion closely misses you.
The scorpion stings you but does no damage.
You barely miss the scorpion.
You feel sick. The scorpion stings you.
* * * LOW HITPOINT WARNING * * *
You claw the scorpion!
You kill the scorpion!
You feel sick.
You miss the phantom.
You feel sick. The phantom hits you.
* * * LOW HITPOINT WARNING * * *
The phantom blinks!
You blink.
Found a book of Minor Magic.
You feel sick.
You are no longer poisoned.
The phantom hits you!
You die...

.##.#####.# .##.#
.. ....# ##:
.###### #..
......# # #..
.####.######.##.##
...)........ ....
....#.......
#W#######
............
#.@..ยงยง.#
...........
#.#####.#
.##.##.....
#.#####.#
.##.##.####
#....##.# .......#
#.##.##.#
.############
#.##.##.# .#
#....s...#
#.......# .#
#.######.#
####.#### .###.#
#.######.#


You could see a phantom.

Vanquished Creatures
  Grinder (D:4)
  Sigmund (D:5)
  2 black bears (D:4)
  An ogre (D:5)
  A necrophage (D:5)
  2 scorpions (D:5)
  A jelly (D:5)
  3 hounds
  2 iguanas
  11 gnolls
  5 adders
  A worm (D:5)
  2 dart slugs
  10 orcs
  6 ball pythons
  3 bats
  10 endoplasms
  A giant cockroach (D:1)
  8 goblins
  6 hobgoblins
  3 quokkas
  6 frilled lizards
  5 kobolds
  5 rats
96 creatures vanquished.

Vanquished Creatures (others)
  2 plants (D:3)
2 creatures vanquished.

Grand Total: 98 creatures vanquished

Notes
Turn   | Place    | Note
-------+----------+-------------------------------------------
     0 | D:1      | bladeefan the Troll Monk began the quest for the Orb.
     0 | D:1      | Reached XP level 1. HP: 22/22 MP: 0/0
    41 | D:1      | Upgraded the game from 0.30-a0-242-g7bf8e6d787 to
                  | 0.30-a0-358-g0d69a1922f
    91 | D:1      | Reached XP level 2. HP: 25/29 MP: 1/1
   483 | D:1      | Reached skill level 3 in Fighting
   663 | D:1      | Reached XP level 3. HP: 37/37 MP: 2/2
   930 | D:2      | Reached XP level 4. HP: 23/45 MP: 3/3
  1988 | D:3      | Reached XP level 5. HP: 51/53 MP: 4/4
  2168 | D:3      | Reached skill level 4 in Fighting
  2659 | D:4      | Noticed a black bear
  2665 | D:4      | Killed a black bear
  2666 | D:4      | Reached XP level 6. HP: 55/63 MP: 5/5
  2797 | D:4      | Found Ulol's Armour Emporium.
  2987 | D:4      | Noticed Grinder
  3003 | D:4      | Killed Grinder
  3004 | D:4      | Reached skill level 5 in Fighting
  3004 | D:4      | Reached XP level 7. HP: 51/72 MP: 6/6
  3358 | D:5      | Entered Level 5 of the Dungeon
  3388 | D:5      | Reached skill level 5 in Unarmed Combat
  3579 | D:5      | Noticed Sigmund
  3597 | D:5      | Killed Sigmund
  3644 | D:5      | Reached skill level 6 in Fighting
  3644 | D:5      | Reached XP level 8. HP: 68/83 MP: 7/7
  3765 | D:5      | Slain by a phantom

Illustrated notes

Levels and vault maps discovered:
D:1:      dpeg_arrival_shelter, layout_basic, minmay_tiny_reverse_x
D:2:      layout_basic, kennysheep_cross_room
D:3:      layout_basic, serial_bayou_pond_c
D:4:      layout_gridville, serial_shops,
          nicolae_shop_temple_entry_statues_fountains, uniq_grinder
D:5:      layout_loops_cross, minmay_diced_spiral, uniq_sigmund

Skill      XL: |  1  2  3  4  5  6  7 |
---------------+----------------------+-----
Fighting       | 3 4 5 6 |  6.3
Dodging        | 3 4 |  4.7
Unarmed Combat | 4 5 |  5.7
Stealth        | |  1.0

Action                   |  1- 3 |  4- 6 |  7- 9 || total
-------------------------+-------+-------+-------++-------
Melee: Unarmed           |    74 |   143 |    68 ||   285
       Punch             |     1 |     4 |     1 ||     6
 Stab: Sleeping          |     5 |     4 |     3 ||    12
Armor: Robe              |    29 |    42 |    21 ||    92
Dodge: Dodged            |    32 |    76 |    31 ||   139

Table legend: (Time is in decaauts)
 A = Elapsed time spent in this place.
 B = Non-inter-level travel time spent in this place.
 C = Inter-level travel time spent in this place.
 D = Time resting spent in this place.
 E = Time spent auto-exploring this place.
 F = Levels seen in this place.
 G = Mean time per level.
                   A        B        C        D        E       F      G
               +--------+--------+--------+--------+--------+-----+--------+
         Total |   3746 |   3665 |     81 |    124 |   2729 |   5 |  749.2 |
       Dungeon |   3746 |   3665 |     81 |    124 |   2729 |   5 |  749.2 |
               +--------+--------+--------+--------+--------+-----+--------+

Top non-repeatable levels by time:
     D:3: 963 daAuts
     D:4: 808 daAuts
     D:1: 806 daAuts
     D:2: 767 daAuts
     D:5: 400 daAuts
